 Dungeon Crawl Stone Soup version 0.18.1-8-gdd0e5ea (webtiles) character file.

72 mrath the Digger (level 4, -7/24 HPs)
             Began as a Gargoyle Earth Elementalist on May 21, 2016.
             Killed by divine providence
             ... invoked by an orc priest
              (12 damage)
             ... on level 3 of the Dungeon.
             The game lasted 00:11:10 (1972 turns).

mrath the Digger (Gargoyle Earth Elementalist)      Turns: 1972, Time: 00:11:10

Health: -7/24      AC:  5    Str: 12    XL:     4   Next: 26%
Magic:  2/9        EV: 12    Int: 16    God:
Gold:   120        SH:  0    Dex: 10    Spells: 2 memorised, 5 levels left

rFire  . . .     SeeInvis .     b - 107 stones
rCold  . . .     Gourm    .     a - +0 robe
rNeg   + . .     Faith    .     (no shield)
rPois  ∞         Spirit   .     (no helmet)
rElec  +         Dismiss  .     (no cloak)
rCorr  .         Reflect  .     (no gloves)
SustAt .         Harm     .     (no boots)
MR     .....                    (no amulet)
Stlth  ++........               (no ring)
                                (no ring)

@: very slightly contaminated, not resistant to hostile enchantments, unstealthy
A: negative energy resistance 1, electricity resistance, unbreathing,
petrification resistance, rot immunity, AC +3
a: no special abilities


You were on level 3 of the Dungeon.
You were not hungry.

You visited 1 branch of the dungeon, and saw 3 of its levels.

You collected 120 gold pieces.

Inventory:

Hand Weapons
 f - a +0 hunting sling
 j - a +0 whip
 m - a +0 mace
Missiles
 b - 107 stones (in hand)
Armour
 a - a +0 robe (worn)
Jewellery
 g - an uncursed ring of protection from magic {unknown}
 h - a +3 ring of strength {unknown}
Scrolls
 e - a scroll of blinking {unknown}
 k - 3 scrolls of teleportation {unknown}
 l - a scroll of recharging {unknown}
 q - 3 scrolls of fear {unknown}
Potions
 i - 2 potions of berserk rage {unknown}
 n - a potion of flight {unknown}
 p - a potion of heal wounds {unknown}
Books
 c - a book of Geomancy

   Spells                             Type                      Level
   a - Sandblast                      Earth                        1
   b - Passwall                       Transmutation/Earth          2
   c - Stone Arrow                    Conjuration/Earth            3
   d - Petrify                        Transmutation/Earth          4
   e - Lee's Rapid Deconstruction     Earth                        5
Comestibles
 d - a bread ration
 o - a meat ration
 r - 3 chunks of flesh


   Skills:
 - Level 1.5 Dodging
 - Level 2.1 Stealth
 * Level 3.4 Spellcasting
 + Level 0.4 Conjurations
   Level 0.7 Transmutations
 + Level 4.5 Earth Magic


You had 5 spell levels left.
You knew the following spells:

 Your Spells              Type           Power        Failure   Level  Hunger
a - Sandblast             Erth           ###...       3%          1    None
b - Stone Arrow           Conj/Erth      ##....       21%         3    ###....


Dungeon Overview and Level Annotations

Branches:
Dungeon (3/15)

Altars:
Ashenzari
Elyvilon
Fedhas
Makhleb
Okawaru
Qazlal
Ru
Trog
Xom
Yredelemnul


Innate Abilities, Weirdness & Mutations

You are resistant to torment.
Your stone body is resilient (AC +3).
You are immune to poison.
You resist negative energy.
You are resistant to electric shocks.
You can survive without breathing.
You are immune to petrification.
You are immune to rotting.


Message History

The orc priest barely misses you.
Casting: Sandblast
Confirm with . or Enter, or press ? or * to list all spells.
Aiming: Sandblast
Press: ? - help, Shift-Dir - straight line, f/p - orc priest
Aim: an orc priest, wielding a dagger and wearing a chain mail (lightly wounded)
The rocky blast hits the orc priest.
The orc priest is lightly wounded.
The orc priest hits you but does no damage.
Casting: Sandblast
Confirm with . or Enter, or press ? or * to list all spells.
Aiming: Sandblast
Press: ? - help, Shift-Dir - straight line, f/p - orc priest
Aim: an orc priest, wielding a dagger and wearing a chain mail (lightly wounded)
The rocky blast hits the orc priest.
The orc priest is lightly wounded.
The orc priest calls down the wrath of Beogh upon you.
Beogh smites you!
Ouch! That really hurt!
You die...

#.# #.# ### #.#
#.. #.# #.# #.#
#.# #.# # #.#
#.### #@# ... #o#
###.##o###.##
#....oo....[..
##.#.....####.###
...........o..#
####.....##o###
#.....# # ###.###


You could see an orc priest and 3 orcs.

Vanquished Creatures
  4 adders
  2 dart slugs (D:2)
  A giant cockroach (D:1)
  7 goblins
  3 hobgoblins
  A quokka (D:2)
  8 bats
  2 giant newts
  A kobold (D:2)
  3 rats
32 creatures vanquished.

Notes
Turn   | Place    | Note
--------------------------------------------------------------
     0 | D:1      | mrath the Gargoyle Earth Elementalist began the quest for the Orb.
     0 | D:1      | Reached XP level 1. HP: 10/10 MP: 3/3
   407 | D:1      | Reached skill level 4 in Earth Magic
   407 | D:1      | Reached XP level 2. HP: 13/15 MP: 5/5
  1156 | D:2      | Found a blossoming altar of Fedhas.
  1197 | D:2      | Reached XP level 3. HP: 17/19 MP: 2/7
  1283 | D:2      | Found a shattered altar of Ashenzari.
  1315 | D:2      | Found a stormy altar of Qazlal.
  1334 | D:2      | Learned a level 3 spell: Stone Arrow
  1441 | D:2      | Found a faded altar to an unknown god.
  1803 | D:2      | Reached XP level 4. HP: 24/24 MP: 3/8
  1937 | D:3      | Found a white marble altar of Elyvilon.
  1938 | D:3      | Found a sacrificial altar of Ru.
  1938 | D:3      | Found a shimmering altar of Xom.
  1940 | D:3      | Found a basalt altar of Yredelemnul.
  1940 | D:3      | Found an iron altar of Okawaru.
  1942 | D:3      | Found a burning altar of Makhleb.
  1943 | D:3      | Found a bloodstained altar of Trog.
  1972 | D:3      | Killed from afar by an orc priest

Skill      XL: |  1  2  3 |
---------------+----------+-----
Earth Magic    | 4 |  4.5
Spellcasting   | 3 |  3.4
Dodging        | |  1.5
Stealth        | |  2.1
Conjurations   | |  0.4
Transmutations | |  0.7

Action                   |  1- 3 |  4- 6 || total
-------------------------+-------+-------++-------
Melee: Whip              |    39 |       ||    39
       Club              |     4 |       ||     4
 Cast: Sandblast         |    42 |    11 ||    53
  Eat: Chunk             |     3 |       ||     3
Armor: Robe              |    21 |     3 ||    24
Dodge: Dodged            |    54 |    10 ||    64
